 Dungeon Crawl Stone Soup version 0.20.1-1-g8b1a95d (webtiles) character file.

49 Linguinho the Bolt Thrower (level 3, -5/28 HPs)
             Began as a Centaur Arcane Marksman on Oct 27, 2017.
             Slain by a gnoll
             ... wielding a +0 whip
              (6 damage)
             ... on level 2 of the Dungeon.
             The game lasted 00:04:22 (852 turns).

Linguinho the Bolt Thrower (Centaur Arcane Marksman) Turns: 852, Time: 00:04:23

Health: -5/28      AC:  4    Str: 12    XL:     3   Next: 53%
Magic:  4/4        EV: 10    Int: 12    God:
Gold:   71         SH:  0    Dex: 10    Spells: 1/4 levels left

rFire    . . .     SeeInvis .   a - +0 hand crossbow
rCold    . . .     Gourm    .   (no shield)
rNeg     . . .     Faith    .   e - +0 robe
rPois    .         Spirit   .   (no helmet)
rElec    .         Reflect  .   (no cloak)
rCorr    .         Harm     .   (no gloves)
MR       .....                  (no barding)
Stlth    +.........             (no amulet)
Regen    0.1/turn               (no ring)
MPRegen  0.1/turn               (no ring)

@: very quick
A: hooves 3, deformed body, speed 2, tough skin 3
a: no special abilities


You were on level 2 of the Dungeon.
You were not hungry.

You visited 1 branch of the dungeon, and saw 2 of its levels.

You collected 71 gold pieces.

Inventory:

Hand Weapons
 a - a +0 hand crossbow (weapon)
Missiles
 d - 2 bolts (quivered)
 n - 12 poisoned needles
 o - a stone
Armour
 e - a +0 robe (worn)
 p - a +0 leather armour
Scrolls
 g - a scroll of enchant armour {unknown}
 k - a scroll of fog {unknown}
 m - a scroll of teleportation {unknown}
Potions
 h - a potion of haste {unknown}
 i - a potion of might {unknown}
 j - a potion of curing {unknown}
 l - a potion of flight {unknown}
Books
 c - a book of Debilitation

   Spells                             Type                      Level
   a - Corona                         Hexes                        1
   b - Slow                           Hexes                        2
   c - Inner Flame                    Hexes/Fire                   3
   d - Portal Projectile              Hexes/Translocation          3
   e - Cause Fear                     Hexes                        4
   f - Leda's Liquefaction            Hexes/Earth                  4
Comestibles
 b - 2 meat rations
 f - 2 bread rations


   Skills:
 + Level 1.1 Fighting
 * Level 3.3 Crossbows
 * Level 0.2 Throwing
 * Level 0.2 Armour
 * Level 1.5 Dodging
 * Level 1.0 Spellcasting
 * Level 3.2 Hexes


You had one spell level left.
You knew the following spells:

 Your Spells              Type           Power        Failure   Level  Hunger
a - Corona                Hex            #......      8%          1    ##.....
b - Slow                  Hex            #.......     12%         2    ###....


Dungeon Overview and Level Annotations

Branches:
Dungeon (2/15)

Altars:


Innate Abilities, Weirdness & Mutations

You have hooves in place of feet.
Armour fits poorly on your strangely shaped body.
You cover ground very quickly.
You have extremely tough skin. (AC +3)


Message History

Firing (i - inventory. (,) - cycle):
d - 5 bolts (quivered)
Press: ? - help, Shift-Dir - straight line, f/p - gnoll
Aim: a gnoll, wielding a whip You shoot a bolt.
The bolt closely misses the gnoll.
The gnoll hits you with a whip.
* * * LOW HITPOINT WARNING * * *
Unknown command.
Firing (i - inventory. (,) - cycle):
d - 4 bolts (quivered)
Press: ? - help, Shift-Dir - straight line, f/p - gnoll
Aim: a gnoll, wielding a whip You shoot a bolt.
The bolt hits the gnoll but does no damage.
The gnoll completely misses you.
Firing (i - inventory. (,) - cycle):
d - 3 bolts (quivered)
Press: ? - help, Shift-Dir - straight line, f/p - gnoll
Aim: a gnoll, wielding a whip You shoot a bolt.
The bolt hits the gnoll.
The gnoll is heavily wounded.
The gnoll hits you with a whip.
You die...

### #
....#
##.#. #
#... ..
#..##(#.##
#...(....(
#@g(....(#
######.b.#
>.# #


You could see a gnoll and a bat.

Vanquished Creatures
  2 gnolls (D:2)
  6 dart slugs (D:1)
  2 bats (D:1)
  2 goblins (D:1)
  2 hobgoblins (D:1)
  A frilled lizard (D:1)
  2 kobolds (D:1)
  3 rats (D:1)
20 creatures vanquished.

Notes
Turn   | Place    | Note
-------+----------+-------------------------------------------
     0 | D:1      | Linguinho the Centaur Arcane Marksman began the quest for the Orb.
     0 | D:1      | Reached XP level 1. HP: 16/16 MP: 2/2
   178 | D:1      | Reached XP level 2. HP: 21/23 MP: 3/3
   759 | D:1      | Reached XP level 3. HP: 25/28 MP: 4/4
   808 | D:1      | Learned a level 2 spell: Slow
   850 | D:2      | HP: 1/28 [gnoll/whip (2)]
   852 | D:2      | Slain by a gnoll

Skill      XL: |  1  2 |
---------------+-------+-----
Hexes          | 3 |  3.2
Crossbows      | 3 |  3.3
Fighting       | |  1.1
Throwing       | |  0.2
Armour         | |  0.2
Dodging        | |  1.5
Spellcasting   | |  1.0

Action                   || total
-------------------------++-------
 Fire: Hand crossbow     ||    82
Armor: Robe              ||    17
       Leather armour    ||     1
Dodge: Dodged            ||    22
